 Dungeon Sprint DCSS version 0.20.1-1-g8b1a95d (webtiles) character file.

12200000 JustSomeDude the Ninja (level 27, -50/249 HPs)
             Began as a Vampire Assassin on Aug 30, 2017.
             Was the Champion of Makhleb.
             Annihilated by a fleshlord
             ... wielding a +9 great mace
              (269 damage)
             ... in the Dungeon (Sprint VIII: "Arena of Blood").
             The game lasted 00:07:51 (122 turns).

JustSomeDude the Ninja (Vampire Assassin)            Turns: 122, Time: 00:07:52

Health: -50/249    AC:  6    Str: 10    XL:     27
Magic:  54/54      EV: 38    Int: 15    God:    Makhleb [******]
Gold:   0          SH:  0    Dex: 27    Spells: 80/80 levels left

rFire    . . .     SeeInvis +   n - +∞ Axe of Woe
rCold    . . .     Gourm    .   (shield currently unavailable)
rNeg     + . .     Faith    .   c - +0 robe
rPois    .         Spirit   .   (no helmet)
rElec    .         Reflect  .   d - +0 cloak
rCorr    .         Harm     .   (no gloves)
MR       ++...     NoTele   +   (no boots)
Stlth    +++++++++.             (no amulet)
Regen    0.6/turn               m - +200 ring of slaying
MPRegen  0.4/turn               o - +200 ring of slaying

@: lethally poisoned (-50 -> -66), berserk cooldown, slowed, very slow
A: fangs 3, see invisible, unbreathing
a: Bat Form, Minor Destruction, Lesser Servant of Makhleb, Major Destruction,
Greater Servant of Makhleb, Renounce Religion


You were in the Dungeon.
You worshipped Makhleb.
Makhleb was exalted by your worship.
You were not thirsty.

You visited 1 branch

Inventory:

Hand Weapons
 a - a +2 dagger
 b - a +0 blowgun
 n - the +∞ Axe of Woe (weapon)
   (You found it in the Dungeon)
Missiles
 e - 8 poisoned needles
 f - 2 curare-tipped needles
Armour
 c - a +0 robe (worn)
 d - a +0 cloak (worn)
Jewellery
 m - a +200 ring of slaying (left hand)
 o - a +200 ring of slaying (right hand)
Potions
 g - a potion of blood
 j - a potion of haste
 k - a potion of magic


   Skills:
 O Level 27 Fighting
 O Level 27 Short Blades
 O Level 27 Axes
 O Level 27 Throwing
 O Level 27 Armour
 O Level 27 Dodging
 O Level 27 Stealth
 O Level 27 Unarmed Combat
 O Level 27 Spellcasting
 O Level 27 Invocations


You had 80 spell levels left.
You didn't know any spells.

Dungeon Overview and Level Annotations

Branches:
Dungeon (1/1)

Altars:
Makhleb


Innate Abilities, Weirdness & Mutations

You have razor-sharp teeth.
You have supernaturally acute eyesight. (SInv)
You can survive without breathing.


Message History

The fleshlord casts a spell at you.
You barely resist.
You hear a shout! x7
Unknown command.
Unknown command.
Unknown command.
A demon appears!
You feel very sick.
You hear a shout! x6
The meat berserker rages.
The fleshlord appears out of thin air!
A fleshlord comes into view. It is wielding a +9 great mace.
You hear a shout!
An ogre and a hell knight come into view.
A demon appears!
You feel very sick.
You hear a shout! x7
The fleshlord hits you with a +9 great mace!!!!!
Ouch! That really hurt!
You die...

###. ####....
####......
####........
####)........####
#.)@)2).....#....
#))p..p.O))).#
#)1)....)))).# ....o
#)))p...###)o.#....o
#..)..###...o..#...o
#....#†......o......
#........#....o.....
#.....p...#.o.O.o..#
#..%.%.....o.#o))..#


You could see 4 fleshlords, a meat berserker (berserk), a friendly Executioner
and a friendly blizzard demon.

Vanquished Creatures
  A hell knight (D)
  5 hell beasts (D)
  3 greater mummies (D)
  2 great orbs of eyes (D)
  A wraith (D)
  11 vampire knights (D)
  18 ogres (D)
  2 two-headed ogres (D)
  A lich (D)
  A hydra (D)
  64 orcs (D)
  6 phantoms (D)
  A skeletal warrior (D)
  5 sea snakes (D)
  9 large abominations (D)
  3 crawling corpses (D)
133 creatures vanquished.

Vanquished Creatures (collateral kills)
  A hydra (D)
  An orc (D)
2 creatures vanquished.

Vanquished Creatures (others)
  A crawling corpse (D)
1 creature vanquished.

Grand Total: 136 creatures vanquished

Notes
Turn   | Place    | Note
-------+----------+-------------------------------------------
     0 | D        | JustSomeDude the Vampire Assassin began the quest for the Orb.
     0 | D        | Reached XP level 1. HP: 16/16 MP: 1/1
     4 | D        | Became a worshipper of Makhleb the Destroyer
     6 | D        | Noticed a bag of meat
     8 | D        | Noticed a bag of meat
     9 | D        | Noticed a bag of meat
    10 | D        | Noticed a meat berserker
    10 | D        | Noticed a bag of meat
    10 | D        | Noticed a bag of meat
    11 | D        | Noticed a bag of meat
    11 | D        | Noticed a meat berserker
    11 | D        | Noticed a bag of meat
    12 | D        | Killed a bag of meat
    12 | D        | Reached skill level 10 in Throwing
    12 | D        | Reached skill level 27 in Stealth
    12 | D        | Reached XP level 2. HP: 37/37 MP: 2/2
    12 | D        | Reached XP level 3. HP: 43/43 MP: 3/3
    12 | D        | Reached XP level 4. HP: 50/50 MP: 4/4
    12 | D        | Reached XP level 5. HP: 55/55 MP: 5/5
    12 | D        | Reached XP level 6. HP: 62/62 MP: 6/6
    12 | D        | Reached XP level 7. HP: 68/68 MP: 7/7
    12 | D        | Reached XP level 8. HP: 75/75 MP: 8/8
    12 | D        | Reached XP level 9. HP: 81/81 MP: 9/9
    12 | D        | Reached XP level 10. HP: 87/87 MP: 10/10
    12 | D        | Reached XP level 11. HP: 93/93 MP: 11/11
    12 | D        | Noticed a destroyer
    13 | D        | Noticed a bag of meat
    13 | D        | Noticed a bag of meat
    13 | D        | Noticed a bag of meat
    13 | D        | Noticed a bag of meat
    13 | D        | Noticed a meat berserker
    13 | D        | Noticed a meat berserker
    13 | D        | Noticed a meat berserker
    13 | D        | Killed a meat berserker
    13 | D        | Reached * piety under Makhleb
    13 | D        | Reached skill level 15 in Fighting
    13 | D        | Reached XP level 12. HP: 42/111 MP: 12/12
    13 | D        | Reached XP level 13. HP: 45/117 MP: 13/13
    13 | D        | Killed a bag of meat
    13 | D        | Reached skill level 10 in Axes
    13 | D        | Reached skill level 15 in Throwing
    13 | D        | Reached skill level 10 in Dodging
    13 | D        | Reached XP level 14. HP: 49/128 MP: 14/14
    13 | D        | Killed a meat berserker
    13 | D        | Reached XP level 15. HP: 113/139 MP: 15/15
    14 | D        | Noticed a meat berserker
    14 | D        | Killed a destroyer
    14 | D        | Reached ** piety under Makhleb
    14 | D        | Reached XP level 16. HP: 125/153 MP: 16/16
    14 | D        | Killed a meat berserker
    14 | D        | Reached skill level 15 in Dodging
    14 | D        | Noticed a destroyer
    15 | D        | Noticed a large bag of meat
    15 | D        | Noticed a meat berserker
    15 | D        | Killed a meat berserker
    15 | D        | Reached XP level 17. HP: 128/167 MP: 17/17
    15 | D        | Reached *** piety under Makhleb
    15 | D        | Reached skill level 27 in Short Blades
    15 | D        | Reached XP level 18. HP: 180/180 MP: 18/18
    15 | D        | Killed a meat berserker
    15 | D        | Reached **** piety under Makhleb
    15 | D        | Reached skill level 27 in Fighting
    16 | D        | Noticed a meat berserker
    17 | D        | Killed a destroyer
    17 | D        | Reached skill level 27 in Axes
    17 | D        | Reached XP level 19. HP: 189/189 MP: 19/19
    18 | D        | Noticed a meat berserker
    18 | D        | Reached ***** piety under Makhleb
    18 | D        | Reached skill level 27 in Throwing
    18 | D        | Reached skill level 27 in Dodging
    19 | D        | Noticed a meat berserker
    19 | D        | Noticed a meat berserker
    20 | D        | Killed a meat berserker
    20 | D        | Reached XP level 20. HP: 197/197 MP: 19/33
    20 | D        | Killed a large bag of meat
    20 | D        | Reached skill level 15 in Unarmed Combat
    20 | D        | Reached skill level 15 in Spellcasting
    20 | D        | Reached skill level 15 in Invocations
    20 | D        | Reached skill level 15 in Armour
    20 | D        | Killed a meat berserker
    20 | D        | Reached XP level 21. HP: 204/204 MP: 19/43
    21 | D        | Reached ****** piety under Makhleb
    21 | D        | Reached XP level 22. HP: 212/212 MP: 19/48
    22 | D        | Reached skill level 27 in Unarmed Combat
    23 | D        | Reached skill level 27 in Spellcasting
    23 | D        | Reached skill level 27 in Invocations
    23 | D        | Reached XP level 23. HP: 219/219 MP: 19/54
    24 | D        | Reached skill level 27 in Armour
    26 | D        | Reached XP level 24. HP: 227/227 MP: 20/54
    28 | D        | Noticed a destroyer
    31 | D        | Noticed a destroyer
    34 | D        | Killed a destroyer
    34 | D        | Reached XP level 25. HP: 234/234 MP: 22/54
    34 | D        | Killed a destroyer
    39 | D        | Noticed a destroyer
    42 | D        | Noticed a destroyer
    43 | D        | Reached XP level 26. HP: 242/242 MP: 54/54
    46 | D        | Killed a destroyer
    47 | D        | Killed a destroyer
    47 | D        | Reached XP level 27. HP: 249/249 MP: 54/54
    51 | D        | Noticed a destroyer
    51 | D        | Noticed an accursed
    52 | D        | Noticed a destroyer
    54 | D        | Noticed an accursed
    54 | D        | Killed a destroyer
    55 | D        | Noticed a destroyer
    57 | D        | Noticed a tyrant
    57 | D        | Killed a destroyer
    59 | D        | Noticed a large bag of meat
    61 | D        | Noticed a meat beast
    62 | D        | Killed a destroyer
    66 | D        | Noticed a meat beast
    66 | D        | Killed a tyrant
    66 | D        | Killed a meat beast
    69 | D        | Killed a meat beast
    70 | D        | Killed an accursed
    71 | D        | Killed an accursed
    72 | D        | Killed a large bag of meat
    73 | D        | Noticed an accursed
    75 | D        | Noticed a meat beast
    76 | D        | Killed a meat beast
    81 | D        | Noticed a meat beast
    86 | D        | HP: 17/373 [??? (11)]
    90 | D        | Killed an accursed
    93 | D        | Killed a meat beast
   102 | D        | Noticed a meat beast
   102 | D        | Noticed a destroyer
   104 | D        | Killed a destroyer
   106 | D        | Killed a meat beast
   108 | D        | Noticed a dread
   110 | D        | Noticed a destroyer
   112 | D        | Killed a destroyer
   113 | D        | Killed a dread
   117 | D        | Noticed a fleshlord
   118 | D        | Noticed a fleshlord
   118 | D        | Noticed a fleshlord
   120 | D        | Killed a fleshlord
   122 | D        | Noticed a fleshlord
   122 | D        | Noticed a fleshlord
   122 | D        | Annihilated by a fleshlord

Skill      XL: |  1  2  3  4  5  6  7  8  9 10 11 12 13 14 15 16 17 18 19 20 21 22 23 |
---------------+----------------------------------------------------------------------+-----
Fighting       | 11 15 17 19 21 24 26 27 | 27.0
Short Blades   | 13 18 19 21 23 25 27 | 27.0
Axes           | 6 9 10 13 16 20 22 27 | 27.0
Throwing       | 10 14 15 16 18 20 21 25 27 | 27.0
Dodging        | 4 9 10 12 14 16 18 23 27 | 27.0
Stealth        | 27 | 27.0
Armour         | 9 17 21 26 27 | 27.0
Unarmed Combat | 11 21 26 27 | 27.0
Spellcasting   | 9 18 22 27 | 27.0
Invocations    | 9 18 22 27 | 27.0

Action                   |  1- 3 |  4- 6 |  7- 9 | 10-12 | 13-15 | 16-18 | 19-21 | 22-24 | 25-27 || total
-------------------------+-------+-------+-------+-------+-------+-------+-------+-------+-------++-------
Melee: Executioner's axe |     1 |       |       |     1 |     1 |     3 |     3 |     8 |    55 ||    72
Invok: Greater Servant o |       |       |       |       |       |       |       |       |     6 ||     6
       Major Destruction |       |       |       |       |       |       |       |       |     2 ||     2
  Use: Scroll            |       |       |       |       |       |       |     1 |       |       ||     1
       Potion            |       |       |       |       |       |       |       |       |     4 ||     4
 Stab: Distracted        |       |       |       |       |       |       |       |     1 |       ||     1
Armor: Robe              |       |       |       |       |       |       |       |       |     1 ||     1
Dodge: Dodged            |       |       |       |     1 |       |     1 |     2 |       |    14 ||    18
